AoeStats
← KEIYILOK

MegaRandom

509934911Analyzed
3v3 RM · 5d ago on Sep 28, 2026· 54m 1s· 6 players
Game mode
Random Map
Map size
Normal (6 player)
Population
200
Speed
Normal
Resources
Standard
Victory
Conquest
Starting age
Dark Age
Ending age
Imperial Age
RankedLock teamsTeams togetherTeam positionsShared explorationLock speedFull tech treeHidden civsTurbo modeCheats
Victory
Defeat
🇺🇸 Varangians · United States
1118
+14
🇺🇸 Byzantines · United States
1090
+15
🇭🇰 Varangians · Hong Kong SAR China
1081
+15
🇩🇪 Cumans · Germany
1079
-15
🇸🇪 Inca · Sweden
1076
-15
🇹🇷 Mongols · Türkiye
1061
-14
stk1908
11:19 Feudal Age
11:09 Loom
11:53 Double-Bit Axe
21:19 Castle Age
21:25 Castle Age
19:58 Scale Barding Armor
20:07 Horse Collar
21:22 Bloodlines
23:17 Bow Saw
24:56 Heavy Plow
26:49 Wheelbarrow
26:52 Chain Barding Armor
26:43 Forging
28:23 Capped Ram
30:20 Iron Casting
31:52 Ballistics
34:57 Imperial Age
32:40 Stone Mining
32:41 Gold Mining
33:54 Fletching
34:04 Padded Archer Armor
35:38 Thumb Ring
35:02 Siege Ram
36:52 Chemistry
37:14 Hand Cart
38:19 Town Watch
38:54 Elite Kipchak
39:56 Conscription
39:08 Elite Kipchak
39:59 Scale Mail Armor
39:55 Bodkin Arrow
39:24 Man-at-Arms
40:04 Squires
40:41 Elite Skirmisher
41:54 Chain Mail Armor
43:45 Leather Archer Armor
44:06 Plate Barding Armor
44:32 Blast Furnace
43:44 Murder Holes
43:14 Long Swordsman
43:42 Arson
44:01 Two-Handed Swordsman
44:04 Elite Steppe Lancer
44:51 Champion
46:56 Two-Man Saw
46:30 Crop Rotation
46:46 Ring Archer Armor
50:19 Plate Mail Armor
52:56 Light Cavalry
stinaj90
11:55 Feudal Age
17:10 Castle Age
15:17 Double-Bit Axe
17:44 Forging
23:11 Bow Saw
24:02 Scale Mail Armor
24:37 Pikeman
25:57 Iron Casting
27:03 Chain Mail Armor
27:39 Fletching
31:12 Horse Collar
32:53 Bodkin Arrow
33:13 Heavy Plow
36:00 Wheelbarrow
35:10 Town Watch
36:33 Squires
36:35 Stone Mining
38:06 Stone Shaft Mining
38:38 Hand Cart
39:14 Arson
41:02 Ballistics
40:46 Treadmill Crane
41:09 Gold Mining
42:54 Gold Shaft Mining
43:32 Murder Holes
49:27 Fortified Wall
49:30 Andean Sling
Mystic Boy
9:15 Loom
11:32 Feudal Age
12:44 Double-Bit Axe
17:44 Castle Age
19:18 Bow Saw
19:06 Horse Collar
20:28 Wheelbarrow
20:04 Gold Mining
20:06 Stone Mining
20:40 Heavy Plow
26:00 Fletching
27:04 Gold Mining
27:37 Stone Mining
28:54 Nomads
28:53 Bodkin Arrow
29:10 Town Watch
30:25 Hand Cart
34:38 Imperial Age
32:05 Pikeman
32:47 Squires
33:46 Padded Archer Armor
34:13 Ballistics
35:41 Bloodlines
35:32 Husbandry
35:59 Bracer
35:33 Light Cavalry
36:30 Leather Archer Armor
38:01 Gold Shaft Mining
38:50 Chemistry
37:12 Elite Mangudai
38:14 Conscription
38:36 Parthian Tactics
38:17 Town Patrol
40:12 Forging
40:09 Thumb Ring
39:27 Hussar
47:40 Masonry
47:35 Siege Engineers
47:28 Murder Holes
48:47 Hoardings
47:35 Capped Ram
49:02 Siege Ram
49:56 Scale Barding Armor
50:27 Iron Casting
Acadia744
7:32 Loom
10:30 Feudal Age
14:23 Bloodlines
14:31 Scale Barding Armor
16:02 Forging
21:01 Castle Age
21:59 Husbandry
23:22 Iron Casting
23:50 Light Cavalry
25:38 Town Watch
30:40 Wheelbarrow
30:07 Gold Mining
35:08 Horse Collar
35:19 Double-Bit Axe
36:40 Heavy Plow
40:33 Imperial Age
38:46 Bow Saw
39:06 Fletching
39:41 Ballistics
39:33 Careening
40:39 Elite Longship
41:28 Gambesons
43:20 Squires
45:51 Blast Furnace
44:49 Murder Holes
46:14 Dry Dock
46:09 Stone Mining
46:41 Chain Barding Armor
47:59 Conscription
48:50 Scale Mail Armor
51:28 Bodkin Arrow
50:58 Elite Varangian Guard
51:10 Gothikon
51:13 Elite Jarl
53:04 Bracer
54:11 Chemistry
53:29 Town Patrol
Preft
0:35 Loom
12:27 Feudal Age
13:42 Double-Bit Axe
14:31 Horse Collar
20:11 Castle Age
18:42 Stone Mining
18:44 Gold Mining
21:15 Bow Saw
21:07 Heavy Plow
26:56 Pikeman
28:25 Gold Shaft Mining
27:57 Scale Mail Armor
30:02 Padded Archer Armor
29:52 Fletching
30:13 Forging
35:26 Imperial Age
32:57 Elite Skirmisher
34:39 Wheelbarrow
34:21 Leather Archer Armor
34:44 Bodkin Arrow
35:24 Iron Casting
35:05 Chain Mail Armor
37:42 Chemistry
38:18 Ring Archer Armor
37:30 Halberdier
39:09 Bracer
39:24 Chain Mail Armor
39:18 Squires
40:02 Conscription
41:48 Plate Mail Armor
42:45 Ballistics
46:41 Two-Man Saw
46:13 Crop Rotation
46:01 Hand Cart
45:51 Arson
46:07 Elite Cataphract
47:14 Scale Barding Armor
47:50 Logistica
49:50 Chain Barding Armor
51:06 Plate Barding Armor
KEIYILOK
11:30 Feudal Age
15:08 Castle Age
12:57 Double-Bit Axe
13:22 Loom
14:23 Stone Mining
14:33 Stone Mining
14:27 Horse Collar
16:59 Bow Saw
17:19 Town Watch
24:06 Gold Mining
24:40 Town Watch
25:17 Husbandry
25:41 Forging
26:45 Bloodlines
27:18 Iron Casting
28:01 Wheelbarrow
28:57 Bloodlines
28:49 Husbandry
30:11 Scale Barding Armor
30:26 Hand Cart
31:22 Chain Barding Armor
36:04 Imperial Age
33:40 Town Patrol
35:31 Fletching
36:37 Scale Mail Armor
36:29 Elite Varangian Guard
37:10 Squires
36:56 Gambesons
37:55 Conscription
37:27 Gothikon
38:53 Chain Mail Armor
39:41 Chemistry
39:11 Masonry
40:10 Blast Furnace
39:30 Treadmill Crane
40:32 Plate Mail Armor
40:39 Masonry
40:37 Siege Engineers
41:47 Arson
43:18 Two-Man Saw
42:19 Heavy Plow
42:55 Stone Shaft Mining
42:34 Masonry
42:22 Bodkin Arrow
44:46 Bracer
46:52 Elite Longship
48:13 Plate Barding Armor
48:02 Ballistics
48:12 Architecture
52:07 Padded Archer Armor
52:29 Clinker Construction
52:30 Careening
52:59 Pikeman
Connection lost

Rejoining the realm…

Still unreachable

The connection could not be restored.

Session expired

The server has moved on; the page needs a fresh start.